 Dungeon Crawl Stone Soup version 0.14-a0-3350-g14ab857 (webtiles) character file.

115 Quh the Shooter (level 3, 0/26 HPs)
             Began as a Demonspawn Hunter on Mar 18, 2014.
             Succumbed to an adder's poison
             ... on Level 2 of the Dungeon.
             The game lasted 00:06:17 (761 turns).

Quh the Shooter (Demonspawn Hunter)                  Turns: 761, Time: 00:06:17

HP   0/26        AC  3     Str 12      XL: 3   Next: 78%
MP   3/3         EV 11     Int 13      God:
Gold 56          SH  0     Dex 13      Spells:  0 memorised,  2 levels left

rFire  . . .     SeeInvis .     b - +1 bow
rCold  . . .     Clarity  .     d - +0 leather armour
rNeg   . . .     Conserve .     (no shield)
rPois  .         rCorr    .     (helmet restricted)
rElec  .         rRot     .     (no cloak)
SustAb . .       Spirit   .     (no gloves)
rMut   .         Warding  .     (no boots)
Saprov . . .     Stasis   .     (no amulet)
MR     .....                    (no ring)
                                (no ring)

@: lethally poisoned, not resistant to hostile enchantments, unstealthy
A: horns 1, talons 1
a: no special abilities


You were on level 2 of the Dungeon.
You were not hungry.

You visited 1 branch of the dungeon, and saw 2 of its levels.

You collected 56 gold pieces.

Inventory:

Hand weapons
 a - a +0,+0 short sword
 b - a +1,+1 bow (weapon)
 r - a +0,+0 long sword
Missiles
 c - 5 arrows (quivered)
Armour
 d - a +0 leather armour (worn)
 g - a +0 ring mail
Comestibles
 f - 2 bread rations
 h - an orange
 l - a lemon
 m - a pear
 p - a chunk of adder flesh
 t - a chunk of bat flesh
Scrolls
 e - a scroll of remove curse {unknown}
 j - a scroll of enchant armour {unknown}
 k - a scroll of enchant weapon I {unknown}
 n - a scroll of random uselessness {unknown}
 s - a scroll of magic mapping {unknown}
 v - a scroll of identify {unknown}
Potions
 o - a potion of lignification {unknown}
 q - a potion of flight {unknown}
 u - a potion of mutation {unknown}


   Skills:
 - Level 1.0 Fighting
 * Level 5.0 Bows
 - Level 1.7 Dodging
 - Level 0.8 Stealth


You had 2 spell levels left.
You didn't know any spells.

Dungeon Overview and Level Annotations

Branches:
Dungeon (2/15)

Altars:


Innate Abilities, Weirdness & Mutations

You have a pair of small horns on your head.
You have sharp toenails.


Message History

You feel sick.
Firing (i - inventory):
c - 8 arrows (quivered)
Press: ? - help, Shift-Dir - straight line, f - hobgoblin
Aim: a hobgoblin, wielding a club You shoot an arrow.
The hobgoblin misses you.
Unknown command.
Firing (i - inventory):
c - 7 arrows (quivered)
Press: ? - help, Shift-Dir - straight line, f/p - hobgoblin
Aim: a hobgoblin, wielding a club You shoot an arrow.
You feel less confused.
* * * LOW HITPOINT WARNING * * *
You feel sick.
The hobgoblin hits you but does no damage.
Firing (i - inventory):
c - 6 arrows (quivered)
Press: ? - help, Shift-Dir - straight line, f/p - hobgoblin
Aim: a hobgoblin, wielding a club You shoot an arrow.
The arrow hits the hobgoblin.
You kill the hobgoblin!
You die...

#...............
#.....(..........
#.................
#.................
#.................
#..................
#....%%....[.(.....
#.....##.....######
#.....##..@###
######..........)(......
#............(..#######
#.#.#.#.#.#.#...###
#.....%.............
###.#.#.#.#.#.......
#..................
##.#.#.#.#.#...##
#..............####


There were no monsters in sight!

Vanquished Creatures
  3 adders (D:2)
  A giant mite (D:2)
  A ball python (D:1)
  2 bats
  7 goblins
  A hobgoblin (D:2)
  5 kobolds
  2 giant cockroaches (D:1)
  2 jackals (D:2)
  2 rats (D:1)
26 creatures vanquished.

Notes
Turn   | Place    | Note
--------------------------------------------------------------
     0 | D:1      | Quh, the Demonspawn Hunter, began the quest for the Orb.
     0 | D:1      | Reached XP level 1. HP: 15/15 MP: 1/1
   132 | D:1      | Reached skill level 4 in Bows
   281 | D:1      | Gained mutation: You have sharp toenails. [demonic ancestry]
   281 | D:1      | Reached XP level 2. HP: 16/21 MP: 2/2
   633 | D:2      | Gained mutation: You have a pair of small horns on your head. [demonic ancestry]
   633 | D:2      | Reached XP level 3. HP: 8/26 MP: 3/3
   757 | D:2      | Reached skill level 5 in Bows
   758 | D:2      | HP: 1/26 [poisoned by an adder]
   761 | D:2      | Succumbed to an adder's poison

Action                   || total
-------------------------++-------
Melee: Short sword       ||    66
 Fire: Bow               ||    27
  Use: Potion            ||     2
